 Dungeon Crawl Stone Soup version 0.30.0-5-g1a98f26d00 (webtiles) character file.

Game seed: 14365627502543600647

37361 jasper the Imperceptible (level 13, -15/69 HPs)
             Began as a Spriggan Berserker on May 11, 2023.
             Was a High Priest of Trog.
             Demolished by a boulder beetle (26 damage)
             ... on level 4 of the Lair of Beasts.
             The game lasted 00:29:29 (20243 turns).

jasper the Imperceptible (Spriggan Berserker)      Turns: 20243, Time: 00:29:30

Health: -15/69     AC:  9    Str: 19    XL:     13   Next: 58%
Magic:  14/14      EV: 24    Int: 11    God:    Trog [*****.]
Gold:   663        SH:  5    Dex: 15    Spells: 12/12 levels left

rFire   . . .        O - +5 quick blade (elec)
rCold   . . .        w - orb {mayhem}
rNeg    . . .        W - +1 acid dragon scales
rPois   +            (helmet restricted)
rElec   .            o - +0 cloak
rCorr   +            (gloves unavailable)
SInv    +            (boots unavailable)
Will    ++...        U - amulet of Domias {Reflect Str+6 Int+3 Dex-5 SH+5}
Stlth   ++++++++     l - ring of protection from cold
HPRegen 0.31/turn    J - ring "Luwkomp" {+Blink rPois rC- rCorr SInv}
MPRegen 0.14/turn

%: mayhem, reflection
@: studying Stealth, very quick
A: very small, no large weapons, unfitting armour, see invisible, speed 3
a: Renounce Religion, Evoke Blink, Berserk, Trog's Hand, Brothers in Arms


You were on level 4 of the Lair of Beasts.
You worshipped Trog.
Trog was extremely pleased with you.
You visited 2 branches of the dungeon, and saw 15 of its levels.
You also visited: Bailey.

You collected 663 gold pieces.

Inventory:

Hand Weapons
 c - a +2 falchion of distortion
 O - a +5 quick blade of electrocution (weapon)
Missiles
 b - 2 atropa-tipped darts
 i - 147 stones
 H - 4 throwing nets
 K - 6 poisoned darts (quivered)
 R - 14 curare-tipped darts
Armour
 o - a +0 cloak (worn)
 w - an orb of mayhem (worn)
 N - an orb of guile
 W - +1 acid dragon scales (worn)
 Z - a scarf of repulsion
Jewellery
 a - an amulet of the acrobat
 h - a ring of fire
 l - a ring of protection from cold (left hand)
 n - a +6 ring of intelligence
 p - an amulet of guardian spirit
 q - a ring of resist corrosion
 z - a +6 ring of strength
 B - a ring of positive energy
 C - a ring of poison resistance
 E - a ring of ice
 J - the ring "Luwkomp" (right hand) {+Blink rPois rC- rCorr SInv}
   (You found it on level 8 of the Dungeon)

   [ring of resist corrosion]

   rC:        It makes you vulnerable to cold.
   rPois:     It protects you from poison.
   SInv:      It lets you see invisible.
   +Blink:    It lets you blink.
   rCorr:     It protects you from acid and corrosion.
 U - the amulet of Domias (around neck) {Reflect Str+6 Int+3 Dex-5 SH+5}
   (You acquired it in a bailey)

   [amulet of reflection]

   It reflects blocked missile attacks.
   Str:       It affects your strength (+6).
   Int:       It affects your intelligence (+3).
   Dex:       It affects your dexterity (-5).
   SH:        It affects your SH (+5).
Wands
 m - a wand of iceblast (6)
 u - a wand of mindburst (2)
 y - a wand of flame (5)
 L - a wand of digging (10)
 V - a wand of charming (4)
 Y - a wand of polymorph (4)
Scrolls
 d - 2 scrolls of silence
 r - a scroll of enchant weapon {unknown}
 t - 3 scrolls of fear
 A - 4 scrolls of teleportation
 D - 2 scrolls of magic mapping
 G - a scroll of identify
 I - a scroll of brand weapon
Potions
 e - 6 potions of attraction
 f - 3 potions of might
 g - 13 potions of degeneration
 j - 8 potions of curing
 k - a potion of lignification
 s - a potion of magic
 v - a potion of resistance
 x - 2 potions of flight
 F - 2 potions of cancellation
 M - 4 potions of haste
 P - a potion of mutation
 S - 2 potions of ambrosia
 T - 2 potions of berserk rage
 X - 2 potions of brilliance
Miscellaneous
 Q - a lightning rod (1/4)


   Skills:
 + Level 8.3 Fighting
 - Level 8.0 Short Blades
 + Level 9.2 Throwing
 + Level 4.7 Armour
 + Level 12.7 Dodging
 * Level 23.4 Stealth
 - Level 10.0 Evocations


You had 12 spell levels left.
You didn't know any spells.
Your spell library was empty.

Dungeon Overview and Level Annotations

Branches:
Dungeon (11/15)            Temple (0/1) D:7            Lair (4/5) D:9
 Shoals (0/4) Lair:3       Spider (0/4) Lair:3          Orc (0/2) D:11
 Bailey (visited)
  Slime: Lair:4-5

Altars:
Ashenzari
Gozag
Kikubaaqudgha
Nemelex Xobeh
Okawaru
Sif Muna
Uskayaw
Vehumet
Xom
Yredelemnul
Zin

Portals:
Abyss: D:4
Trove: D:10 (give +4 storm dragon scales)

Annotations:
D:4 2 transporters
D:6 2 transporters, Menkaure
D:10 3 runed translucent doors
D:11 3 runed translucent doors, Pimp's ghost, journeyman TeAE
Lair:3 exclusion: oklob plant


Innate Abilities, Weirdness & Mutations

You are very small and have problems with some larger weapons.
You are too small for most types of armour.
You have supernaturally acute eyesight. (SInv)
You cover ground extremely quickly. (Speed+++)


Message History

A black mamba is nearby!
You are too injured to fight recklessly!
You feel sick.
You take 1 damage, and have 10/68 hp.
You start resting.
You feel sick. x2
You are no longer poisoned.
You take 2 damage, and have 9/68 hp.
A black mamba is nearby!
You see here a rime drake corpse.
A boulder beetle comes into view.
A bullfrog comes into view.
The black mamba bites the plant.
The plant begins to die.
You catch the helpless black mamba completely off-guard!
You perforate the black mamba like a sieve!!!
You kill the black mamba!
Trog accepts your kill.
Aiming: Thunderbolt
Press: ? - help, Shift-Dir - straight line, f - boulder beetle
Aim: a boulder beetle The thunderbolt hits the boulder beetle!
The boulder beetle is lightly wounded.
The bullfrog gives a loud, deep croak!
You hear a loud, deep croak!
You hear a roar!
Aiming: Thunderbolt
Press: ? - help, Shift-Dir - straight line, f/p - boulder beetle
Aim: a boulder beetle (lightly wounded)
The thunderbolt hits the boulder beetle!!
The boulder beetle is heavily wounded.
A nearby plant withers and dies.
Aiming: Thunderbolt
Press: ? - help, Shift-Dir - straight line, f/p - boulder beetle
Aim: a boulder beetle (moderately wounded)
The thunderbolt hits the boulder beetle!!!
The boulder beetle is almost dead.
The thunderbolt hits the bullfrog!!
You kill the bullfrog!
Trog accepts your kill.
The boulder beetle flies into a frenzy!
A nearby plant withers and dies. x2
The boulder beetle bites you!!
You die...

..# .♣♣♣. PPP...♣ #♣.♣ ... #.
P~P..# #.♣♣ ... #.♣♣♣ PPP..#
#♣†♣ ♣... ...(( ♣♣. #♣...♣# ...
♣♣ #.♣ ♣.#♣.# . #.♣#♣♣♣ #.♣
♣.†.♣# ~.. ♣.....
#.♣♣♣.#♣.###..... #.♣#♣♣♣
#♣...♣#♣.@B...... ♣♣
#♣..†♣#♣.†..(#.#. ♣♣†
#.♣♣♣.#♣PPP..# #♣.♣ #.♣
♣.#♣P~P..# #.♣♣ #.♣♣♣†#♣PPP...♣
#♣.♣ #♣...♣#♣♣♣♣♣♣♣.♣ ♣♣.
#####♣.♣##### ##### ###♣.
♣♣...♣...♣...♣♣##.>.## ♣♣..♣.
#♣..♣...#.†.♣..♣#.....#♣♣♣..♣♣.


You could see a neutral boulder beetle (fast, strong, insane).

Vanquished Creatures
  Josephine (Lair:4)
  Fannar (Lair:2)
  2 hydras (Lair:4)
  A two-headed ogre (D:10)
  A catoblepas (Lair:4)
  Erica (D:9)
  2 death yaks (Lair:3)
  3 skysharks (Lair:4)
  A fire crab (Lair:4)
  A pharaoh ant (Lair:3)
  2 orc knights
  A lindwurm (Lair:4)
  Pikel (D:9)
  An ugly thing (D:8)
  A gargoyle (D:10)
  4 black mambas
  9 cane toads
  An elephant (Lair:4)
  An unseen horror (D:11)
  Maggie (Lair:2)
  2 rime drakes
  6 komodo dragons
  4 trolls
  4 polar bears (Lair:1)
  A hornet (D:8)
  4 blink frogs (Lair:1)
  Prince Ribbit (D:8)
  A jumping spider (Lair:3)
  4 wraiths
  5 wyverns
  Eustachio (D:4)
  34 yaks
  A basilisk (Lair:4)
  3 vampire mosquitoes (D:8)
  4 steam dragons
  Grum (D:8)
  A redback (Lair:3)
  6 water moccasins
  2 acid dragons
  Duvessa (D:7)
  A swamp drake (D:11)
  12 orc warriors
  3 sky beasts
  4 ice beasts
  7 black bears
  7 wolves
  An ogre (D:11)
  3 centaurs
  A phantom (D:5)
  2 lemures (D:9)
  12 bullfrogs
  2 gnoll sergeants
  3 scorpions
  Dowan (D:7)
  5 wights (D:7)
  6 killer bees (D:8)
  2 howler monkeys (D:6)
  A vampire bat (D:4)
  An electric eel (Lair:1)
  3 hounds
  A jelly (D:7)
  6 orc priests
  Crazy Yiuf (D:7)
  A gnoll bouda (D:4)
  5 iguanas
  Ijyb (D:4)
  11 orc wizards
  Robin (D:4)
  13 gnolls
  8 adders
  A white imp (D:6)
  An ufetubus (D:7)
  A worm (D:4)
  4 dart slugs
  44 orcs
  8 ball pythons
  3 endoplasms
  5 giant cockroaches
  15 goblins
  6 hobgoblins
  3 jackals (D:2)
  4 kobolds
  7 quokkas
  8 bats
  6 frilled lizards
  4 rats
367 creatures vanquished.

Vanquished Creatures (collateral kills)
  3 death yaks (Lair:3)
  A tarantella (Lair:3)
  A wraith (Lair:4)
  A yak (Lair:2)
  2 wolves (Lair:3)
8 creatures vanquished.

Vanquished Creatures (others)
  2 yaks (Lair:3)
  A wolf (Lair:3)
3 creatures vanquished.

Grand Total: 378 creatures vanquished

Notes
Turn   | Place    | Note
-------+----------+-------------------------------------------
     0 | D:1      | jasper the Spriggan Berserker began the quest for the Orb.
     0 | D:1      | Reached XP level 1. HP: 11/11 MP: 2/2
   280 | D:1      | Reached XP level 2. HP: 16/16 MP: 3/3
   554 | D:1      | Found a faded altar of an unknown god.
  1077 | D:2      | Reached XP level 3. HP: 17/19 MP: 4/4
  1789 | D:2      | Reached ** piety under Trog
  1861 | D:2      | Reached skill level 5 in Short Blades
  2302 | D:3      | Reached XP level 4. HP: 23/23 MP: 5/5
  3041 | D:4      | Noticed Eustachio
  3074 | D:4      | Killed Eustachio
  3075 | D:4      | Reached XP level 5. HP: 14/27 MP: 3/6
  3075 | D:4      | Reached XP level 6. HP: 16/32 MP: 3/7
  3356 | D:4      | Found an opulent altar of Gozag.
  3356 | D:4      | Noticed Robin
  3365 | D:4      | Killed Robin
  3408 | D:4      | You fall into a shaft and drop 1 floor!
  3408 | D:5      | Entered Level 5 of the Dungeon
  3459 | D:5      | Reached skill level 2 in Stealth
  3504 | D:4      | Reached *** piety under Trog
  3674 | D:4      | Reached skill level 1 in Evocations
  3707 | D:4      | Found a sparkling altar of Nemelex Xobeh.
  3891 | D:4      | Noticed Ijyb
  3906 | D:4      | Killed Ijyb
  3907 | D:4      | Reached skill level 1 in Throwing
  3907 | D:4      | Reached XP level 7. HP: 35/35 MP: 6/8
  4017 | D:4      | Reached skill level 3 in Stealth
  4302 | D:4      | Found a transporter.
  4316 | D:4      | Noticed a toenail golem
  4354 | D:4      | Found a transporter.
  4422 | D:4      | Found a one-way gate to the infinite horrors of the Abyss.
  4502 | D:5      | Found a shimmering blue altar of Sif Muna.
  4599 | D:5      | Identified the +0 scale mail of Spite {Harm}
  5058 | D:5      | Reached skill level 4 in Stealth
  5450 | D:6      | Reached skill level 5 in Dodging
  5477 | D:6      | Reached skill level 5 in Stealth
  5530 | D:6      | Noticed a +0 short sword
  5530 | D:6      | Noticed a +0 short sword
  5531 | D:6      | Noticed a +0 spear
  5532 | D:6      | Noticed a +0 dagger
  5533 | D:6      | Noticed a +0 falchion
  5533 | D:6      | Noticed a +0 dagger
  5551 | D:6      | Reached XP level 8. HP: 32/40 MP: 6/9
  5579 | D:6      | Noticed a +0 spear
  5580 | D:6      | Noticed a +0 falchion
  5591 | D:6      | Found a basalt altar of Yredelemnul.
  5593 | D:6      | Found a transporter.
  5611 | D:6      | Reached skill level 6 in Stealth
  5850 | D:6      | Found a hide-covered altar of Uskayaw.
  6132 | D:6      | Reached skill level 7 in Stealth
  6449 | D:6      | Found a transporter.
  6449 | D:6      | Found an ancient bone altar of Kikubaaqudgha.
  6453 | D:6      | Noticed Menkaure
  6633 | D:7      | Found a radiant altar of Vehumet.
  6701 | D:7      | Found a staircase to the Ecumenical Temple.
  6820 | D:7      | Found a runed translucent door.
  6821 | D:7      | Noticed Crazy Yiuf
  6942 | D:7      | Killed Crazy Yiuf
  7141 | D:7      | Reached skill level 8 in Stealth
  7346 | D:7      | Reached XP level 9. HP: 20/43 MP: 3/10
  7458 | D:7      | Found an iron altar of Okawaru.
  7496 | D:7      | Reached **** piety under Trog
  7650 | D:7      | Reached skill level 9 in Stealth
  7672 | D:7      | Reached skill level 5 in Evocations
  7780 | D:7      | Noticed Dowan
  7804 | D:7      | Killed Dowan
  7837 | D:7      | Noticed Duvessa
  7888 | D:7      | Killed Duvessa
  8031 | D:8      | Reached skill level 10 in Stealth
  8037 | D:8      | Identified the ring "Luwkomp" {+Blink rPois rC- rCorr SInv}
  8303 | D:8      | Reached skill level 11 in Stealth
  8307 | D:8      | Reached skill level 5 in Fighting
  8343 | D:8      | Noticed Grum
  8363 | D:8      | Reached skill level 5 in Throwing
  8363 | D:8      | Reached XP level 10. HP: 51/51 MP: 9/11
  8373 | D:8      | Killed Grum
  8532 | D:8      | Noticed a purple ugly thing
  8566 | D:8      | Reached skill level 12 in Stealth
  8608 | D:8      | Killed a purple ugly thing
  8972 | D:8      | Noticed Prince Ribbit
  8985 | D:8      | Killed Prince Ribbit
  9181 | D:9      | Reached skill level 13 in Stealth
  9217 | D:9      | Found a shimmering altar of Xom.
  9238 | D:9      | Found a staircase to the Lair.
  9249 | D:9      | Noticed Erica
  9265 | D:9      | Killed Erica
  9268 | D:9      | Found a flagged portal.
  9318 | Bailey   | Entered a bailey
  9784 | Bailey   | Noticed an orc knight
  9789 | Bailey   | Killed an orc knight
  9790 | Bailey   | Reached XP level 11. HP: 54/56 MP: 10/12
  9797 | Bailey   | Acquired the amulet of Domias {Reflect Str+6 Int+3 Dex-5
                  | SH+5}
  9809 | Bailey   | Acquired a manual of Stealth
  9949 | D:9      | Reached skill level 14 in Stealth
 10150 | D:9      | Noticed Pikel
 10172 | D:9      | Killed Pikel
 10330 | D:10     | Entered Level 10 of the Dungeon
 10638 | D:10     | Identified the +4 scimitar of Butchery {spect, rElec rC+
                  | Dex+4}
 10843 | D:10     | Found a runed translucent door.
 10843 | D:10     | Noticed a boulder beetle
 10843 | D:10     | Noticed a two-headed ogre
 10843 | D:10     | Noticed a red ugly thing
 10844 | D:10     | Found a runed translucent door.
 10844 | D:10     | Noticed a six-headed hydra
 10845 | D:10     | Found a runed translucent door.
 10949 | D:10     | Noticed a two-headed ogre
 10958 | D:10     | Found a broken altar of Ashenzari.
 10960 | D:10     | Reached skill level 15 in Stealth
 11303 | D:10     | Killed a two-headed ogre
 11349 | D:10     | Reached skill level 1 in Armour
 11428 | D:10     | Found a portal to a secret trove of treasure.
 11882 | D:11     | Reached skill level 16 in Stealth
 11952 | D:11     | Found a glowing silver altar of Zin.
 12047 | D:11     | Reached skill level 10 in Dodging
 12800 | D:11     | Found a staircase to the Orcish Mines.
 13097 | D:11     | Reached skill level 17 in Stealth
 13305 | D:11     | Noticed an orc knight
 13322 | D:11     | Killed an orc knight
 13595 | D:11     | Found a runed translucent gate.
 13595 | D:11     | Found a runed translucent gate.
 13596 | D:11     | Found a runed translucent gate.
 13602 | D:11     | Noticed Pimp's ghost (journeyman TeAE)
 13921 | Lair:1   | Entered Level 1 of the Lair of Beasts
 14249 | Lair:1   | Reached ***** piety under Trog
 14425 | Lair:1   | Reached XP level 12. HP: 60/62 MP: 13/13
 14923 | Lair:1   | Reached skill level 18 in Stealth
 16217 | Lair:2   | Noticed Fannar
 16238 | Lair:2   | Killed Fannar
 16239 | Lair:2   | Reached skill level 19 in Stealth
 16239 | Lair:2   | Reached skill level 10 in Evocations
 16275 | Lair:2   | Noticed Maggie
 16282 | Lair:2   | Killed Maggie
 17127 | Lair:2   | Reached skill level 20 in Stealth
 17585 | Lair:3   | Noticed a death yak
 17586 | Lair:3   | Noticed a death yak
 17587 | Lair:3   | Noticed a death yak
 17588 | Lair:3   | Noticed a death yak
 17588 | Lair:3   | Noticed a death yak
 17592 | Lair:3   | Killed a death yak
 17606 | Lair:3   | Killed a death yak
 17609 | Lair:3   | Killed a death yak
 17617 | Lair:3   | Killed a death yak
 17643 | Lair:3   | Killed a death yak
 17870 | Lair:3   | Reached skill level 21 in Stealth
 18155 | Lair:3   | Found a staircase to the Shoals.
 18632 | Lair:3   | Reached XP level 13. HP: 68/68 MP: 14/14
 18804 | Lair:3   | Found a hole to the Spider Nest.
 19242 | Lair:4   | Identified the +7 falchion of Extermination {drain, rElec
                  | Str+3}
 19287 | Lair:4   | Received a gift from Trog
 19342 | Lair:4   | Noticed Josephine
 19348 | Lair:4   | Reached skill level 22 in Stealth
 19418 | Lair:4   | Killed Josephine
 19985 | Lair:4   | Reached skill level 23 in Stealth
 20243 | Lair:4   | Demolished by a boulder beetle

Illustrated notes

Levels and vault maps discovered:
D:1:      heliophobic_arrival_ceremonial_halls, layout_basic,
          hellmonk_ecumenical_altar_slurped_away
D:2:      layout_basic
D:3:      layout_loops_cross, minmay_surrounded
D:4:      layout_loops_corners, mainiacjoe_overflow_alcove_1,
          nemelex_xobeh_ov_fountains_minmay, gammafunk_ghost_abyssal_escape,
          roderic_batcave, hangedman_decor_riveting, uniq_robin, uniq_ijyb,
          uniq_eustachio
D:5:      layout_loops_corners, mainiacjoe_overflow_alcove_4
D:6:      layout_basic, nicolae_uskayaw_en_pointe, gammafunk_temple_of_torment
D:7:      layout_gridville, hellmonk_okawaru_the_only_friend_you_need,
          nicolae_vehumet_radiance, temple_green, uniq_crazy_yiuf_cottage,
          uniq_duvessa
D:8:      layout_basic, uniq_prince_ribbit1, uniq_grum
D:9:      layout_basic, nicolae_overflow_crystal_walls, lair_entry_dummy,
          enter_bailey_2, uniq_pikel, uniq_erica
D:10:     minmay_the_grid_triangle_9x9_rhombus_full
          [minmay_the_grid_triangle_9x9_zippers_vertical,
          minmay_the_grid_triangle_9x9_from_above,
          minmay_the_grid_triangle_9x9_negative_grid,
          minmay_the_grid_triangle_9x9_longest,
          minmay_the_grid_triangle_9x9_fully_insulated_deathbox,
          minmay_the_grid_triangle_9x9_limited_checkers,
          minmay_the_grid_triangle_9x9_skeleton,
          minmay_the_grid_triangle_9x9_prize_schism], layout_cave_pods,
          marbit_many_paths, serial_column_ruins, column_ruins_pillar_1,
          column_ruins_pillar_2, column_ruins_pillar_8, column_ruins_pillar_4,
          column_ruins_pillar_8, column_ruins_pillar_5, column_ruins_pillar_2,
          column_ruins_pillar_1, column_ruins_pillar_1, column_ruins_pillar_1,
          column_ruins_pillar_4, column_ruins_pillar_9,
          nicolae_trove_entry_free_sample, minmay_misc_feat_enclosed
D:11:     layout_loops_corners, erik_orc_1, ebering_ghost_rock_garden,
          zin_academy
Lair:1:   beast_lair_carwin_large_1, layout_cave_pods, wad_woods_river_01,
          lemuel_fruit_tree
Lair:2:   layout_cave_pods, uniq_fannar, uniq_maggie
Lair:3:   dpeg_oklob_gauntlet, layout_cave_pods, elwin_shoals_entry_rocks,
          nicolae_spider_entry_lesser_pyramids, hangedman_lair_unloving_vines
Lair:4:   nzn_winding_woodlands_stair_trap [nzn_winding_woodlands_5x15_eye,
          nzn_winding_woodlands_5x15_river_crossing,
          nzn_winding_woodlands_5x15_sawtooth,
          nzn_winding_woodlands_15x15_five_gardens,
          nzn_winding_woodlands_5x15_zeroes, nzn_winding_woodlands_5x15_pockets,
          nzn_winding_woodlands_5x15_twine], layout_gridlike,
          dpeg_slime_entry_enclosed, lemuel_another_geyser, uniq_josephine

Skill      XL: |  1  2  3  4  5  6  7  8  9 10 11 12 13 |
---------------+----------------------------------------+-----
Short Blades   | 4 5 7 8 |  8.0
Stealth        | 2 5 8 11 13 17 21 23 | 23.4
Evocations     | 1 3 4 6 8 9 10 | 10.0
Throwing       | 1 2 3 5 6 7 8 9 |  9.2
Fighting       | 3 4 5 6 7 8 |  8.3
Dodging        | 5 6 7 9 10 11 12 | 12.7
Armour         | 2 3 4 |  4.7

Action                     |  1- 3 |  4- 6 |  7- 9 | 10-12 | 13-15 || total
---------------------------+-------+-------+-------+-------+-------++-------
  Melee: Short sword       |   226 |   156 |   323 |   915 |    71 ||  1691
         Punch             |     3 |     1 |     5 |    16 |       ||    25
         Quick blade       |       |       |       |       |   150 ||   150
  Throw: Dart              |       |     5 |    43 |    32 |    17 ||    97
         Stone             |       |       |     5 |     2 |       ||     7
 Invoke: Berserk           |     3 |     5 |     9 |    14 |     1 ||    32
         Trog's Hand       |       |       |       |     3 |       ||     3
Ability: Evoke Blink       |       |       |       |     1 |       ||     1
  Evoke: Wand              |       |     5 |     6 |    24 |     2 ||    37
         Lightning rod     |       |       |       |    19 |     3 ||    22
    Use: Scroll            |     6 |     2 |       |    19 |     3 ||    30
   Stab: Sleeping          |     1 |     1 |     3 |    21 |    10 ||    36
         Distracted        |       |       |       |     1 |     2 ||     3
 Armour: Animal skin       |    23 |    18 |    21 |       |       ||    62
         Steam dragon scal |       |       |       |     8 |       ||     8
         Acid dragon scale |       |       |       |    47 |    11 ||    58
  Dodge: Dodged            |   173 |   151 |   214 |   516 |    83 ||  1137
  Block: Other             |       |       |       |    78 |       ||    78
         Orb               |       |       |       |    17 |    22 ||    39
         Reflection        |       |       |       |     1 |       ||     1
